Map: Ultralove

Players

wootwoot - Winner!

  • Race: Zerg Zerg
  • League: Silver
  • Spawn Location: 1:00

los

  • Race: Zerg Zerg
  • Spawn Location: 7:00

VOD

Have the link to the VOD?

Description

Time

  • Played on: April 21, 2025, 10:57 a.m.
  • Length: 2:47
Show
View Real Time Build Order
Export as new Build Order

wootwoot Zerg - Winner!

Build Orders: Pool First 

Get SALT Encoding   

  12  0:00  Drone  
  12  0:06  Extractor  
  12  0:26  Spawning Pool  
  12  0:28  Drone  
  12  0:34  Drone  
  13  0:47  Overlord  
  13  1:12  Zergling x6, Metabolic Boost  
  16  1:23  Zergling x2  
  17  1:38  Zergling x2  
  18  1:46  Zergling x2  
  19  1:53  Hatchery  
  18  1:59  Queen  
  20  2:04  Zergling x2  
  21  2:19  Overlord  
  21  2:22  Zergling x2  
Show
View Real Time Build Order
Export as new Build Order

los Zerg 

Build Orders: Hatch First 

Get SALT Encoding   

  12  0:04  Drone  
  13  0:12  Drone  
  14  0:19  Overlord  
  14  0:27  Drone, Extractor  
  15  0:39  Drone x2  
  17  0:55  Hatchery  
  17  0:56  Drone  
  17  1:01  Drone  
  18  1:10  Drone  
  19  1:19  Spawning Pool  
  19  1:20  Drone  
  19  1:30  Overlord  
  19  1:36  Extractor  
  19  2:06  Zergling x6  
  22  2:23  Spine Crawler  
Tags
 
League
Silver
Matchup
ZvZ
Race
Zerg
Replay Pack
#1B2M-Replays
Spawn Locations
Cross Positions
Add a new tag
Caveats
  • Supply blocks, unpowered buildings, or Contaminate may cause inaccurate times.
  • Supply counts are checked every 10 seconds.